 Dungeon Crawl Stone Soup version 0.23.0-33-g5e6c059 (webtiles) character file.

Game seed: 7664834792442592552

130 vishdafish the Shield-Bearer (level 5, -2/47 HPs)
             Began as a Gnoll Fighter on Feb 26, 2019.
             Slain by a gnoll
             ... wielding a +0 spear
              (4 damage)
             ... on level 2 of the Dungeon.
             The game lasted 00:02:16 (2098 turns).

vishdafish the Shield-Bearer (Gnoll Fighter)        Turns: 2098, Time: 00:02:17

Health: -2/47      AC:  7    Str: 18 (20) XL:     5   Next: 14%
Magic:  7/7        EV:  8    Int: 14 (15) God:
Gold:   143        SH: 10    Dex: 12 (14) Spells: 6/6 levels left

rFire    + . .     SeeInvis .   a - +0 long sword
rCold    + . .     Gourm    .   c - +0 shield
rNeg     . . .     Faith    .   b - +0 scale mail
rPois    +         Spirit   .   (no helmet)
rElec    +         Reflect  .   (no cloak)
rCorr    +         Harm     .   (no gloves)
MR       .....                  (no boots)
Stlth    ..........             (no amulet)
HPRegen  0.15/turn              (no ring)
MPRegen  0.10/turn              (no ring)

@: brilliant, resistant, flying
A: distributed training, fangs 1, strong nose
a: no special abilities


You were on level 2 of the Dungeon.
You were not hungry.

You visited 1 branch of the dungeon, and saw 3 of its levels.

You collected 143 gold pieces.

Inventory:

Hand Weapons
 a - a +0 long sword (weapon)
Missiles
 i - a throwing net (quivered)
Armour
 b - a +0 scale mail (worn)
 c - a +0 shield (worn)
Scrolls
 e - a scroll of identify {unknown}
 g - 6 scrolls of teleportation {unknown}
 k - a scroll of fog {unknown}
 l - a scroll of random uselessness {unknown}
 o - a scroll of immolation {unknown}
 q - a scroll of fear {unknown}
Potions
 d - 2 potions of might
 p - a potion of haste {unknown}
Comestibles
 f - 5 rations


   Skills:
 + Level 6.6 Fighting
 + Level 1.3 Short Blades
 + Level 4.7 Long Blades
 + Level 1.3 Axes
 + Level 1.3 Maces & Flails
 + Level 1.3 Polearms
 + Level 1.3 Staves
 + Level 1.3 Slings
 + Level 1.3 Bows
 + Level 1.3 Crossbows
 + Level 1.3 Throwing
 + Level 6.6 Armour
 + Level 1.3 Dodging
 + Level 1.3 Stealth
 + Level 6.6 Shields
 + Level 1.3 Unarmed Combat
 + Level 1.3 Spellcasting
 + Level 1.1 Conjurations
 + Level 1.1 Hexes
 + Level 1.1 Charms
 + Level 1.1 Summonings
 + Level 1.1 Necromancy
 + Level 1.1 Translocations
 + Level 1.1 Transmutations
 + Level 1.1 Fire Magic
 + Level 1.1 Ice Magic
 + Level 1.1 Air Magic
 + Level 1.1 Earth Magic
 + Level 1.1 Poison Magic
 + Level 1.5 Invocations
 + Level 1.3 Evocations


You had 6 spell levels left.
You didn't know any spells.
Your spell library was empty.

Dungeon Overview and Level Annotations

Branches:
Dungeon (3/15)

Altars:


Innate Abilities, Weirdness & Mutations

Your experience applies equally to all skills.
You have very sharp teeth.
Your uncanny sense of smell can sniff out nearby items.


Message History

* * * LOW HITPOINT WARNING * * *
You block the gnoll's attack.
It was a potion of brilliance.
You feel clever all of a sudden. You block the gnoll's attack.
The gnoll barely misses you.
It was a potion of degeneration.
There was something very wrong with that liquid.
You feel weakened.
You feel dopey.
You feel clumsy. You block the gnoll's attack. The gnoll barely misses you.
You riposte.
Your scale mail prevents you from hitting the gnoll.
It was a potion of resistance.
You feel protected. The gnoll hits you with a +0 spear.
* * * LOW HITPOINT WARNING * * *
The gnoll hits you but does no damage.
It was a potion of flight.
You feel very buoyant.
You fly up into the air.
The gnoll misses you. The gnoll hits you with a +0 spear.
You die...

# #.......##.# #.#.# #
#...(...##.####.#.# #
#......(##......#.#
#######........#......#.#
))...........#.#......#.#
###...................#.####
..#.##########.......##..).#
..#.# ##......#####.# ..#รท#
#)@....# #.# ..#.# #g.g####
#.# ..#.# #...# #.# ..#.#
#...# #.# ..#.# #...# #.#
.<#.# #...###### #.# .##.#
#........# #.# ....#
#...####.# #)# ##### #####
#.###.#


You could see 2 gnolls.

Vanquished Creatures
  An iguana (D:2)
  3 gnolls
  An adder (D:3)
  An ooze (D:1)
  3 worms
  A dart slug (D:1)
  2 leopard geckos
  2 ball pythons (D:1)
  4 bats
  8 goblins
  2 hobgoblins
  8 jackals (D:2)
  A quokka (D:2)
  A ball python skeleton (D:2)
  6 frilled lizards
  5 kobolds
  4 rats
53 creatures vanquished.

Notes
Turn   | Place    | Note
-------+----------+-------------------------------------------
     0 | D:1      | vishdafish the Gnoll Fighter began the quest for the Orb.
     0 | D:1      | Reached XP level 1. HP: 23/23 MP: 1/1
    49 | D:1      | Reached XP level 2. HP: 24/29 MP: 2/2
   209 | D:1      | Reached XP level 3. HP: 34/35 MP: 3/3
   784 | D:2      | Reached skill level 1 in Short Blades
   784 | D:2      | Reached skill level 1 in Axes
   784 | D:2      | Reached skill level 1 in Maces & Flails
   784 | D:2      | Reached skill level 1 in Polearms
   784 | D:2      | Reached skill level 1 in Staves
   784 | D:2      | Reached skill level 1 in Slings
   784 | D:2      | Reached skill level 1 in Bows
   784 | D:2      | Reached skill level 1 in Crossbows
   784 | D:2      | Reached skill level 1 in Throwing
   784 | D:2      | Reached skill level 1 in Dodging
   784 | D:2      | Reached skill level 1 in Stealth
   784 | D:2      | Reached skill level 1 in Unarmed Combat
   784 | D:2      | Reached skill level 1 in Spellcasting
   784 | D:2      | Reached skill level 1 in Invocations
   784 | D:2      | Reached skill level 1 in Evocations
   784 | D:2      | Reached XP level 4. HP: 7/41 MP: 5/5
  1879 | D:2      | Reached skill level 1 in Conjurations
  1879 | D:2      | Reached skill level 1 in Hexes
  1879 | D:2      | Reached skill level 1 in Charms
  1879 | D:2      | Reached skill level 1 in Summonings
  1879 | D:2      | Reached skill level 1 in Necromancy
  1879 | D:2      | Reached skill level 1 in Translocations
  1879 | D:2      | Reached skill level 1 in Transmutations
  1879 | D:2      | Reached skill level 1 in Fire Magic
  1879 | D:2      | Reached skill level 1 in Ice Magic
  1879 | D:2      | Reached skill level 1 in Air Magic
  1879 | D:2      | Reached skill level 1 in Earth Magic
  1879 | D:2      | Reached skill level 1 in Poison Magic
  2036 | D:2      | Reached XP level 5. HP: 41/47 MP: 6/6
  2097 | D:2      | HP: 2/47 [gnoll/+0 spear (1)]
  2098 | D:2      | Slain by a gnoll

Skill      XL: |  1  2  3  4 |
---------------+-------------+-----
Short Blades   | 1 |  1.3
Axes           | 1 |  1.3
Maces & Flails | 1 |  1.3
Polearms       | 1 |  1.3
Staves         | 1 |  1.3
Slings         | 1 |  1.3
Bows           | 1 |  1.3
Crossbows      | 1 |  1.3
Throwing       | 1 |  1.3
Dodging        | 1 |  1.3
Stealth        | 1 |  1.3
Unarmed Combat | 1 |  1.3
Spellcasting   | 1 |  1.3
Invocations    | 1 |  1.5
Evocations     | 1 |  1.3
Conjurations   | 1 |  1.1
Hexes          | 1 |  1.1
Charms         | 1 |  1.1
Summonings     | 1 |  1.1
Necromancy     | 1 |  1.1
Translocations | 1 |  1.1
Transmutations | 1 |  1.1
Fire Magic     | 1 |  1.1
Ice Magic      | 1 |  1.1
Air Magic      | 1 |  1.1
Earth Magic    | 1 |  1.1
Poison Magic   | 1 |  1.1
Fighting       | |  6.6
Long Blades    | |  4.7
Armour         | |  6.6
Shields        | |  6.6

Action                   |  1- 3 |  4- 6 || total
-------------------------+-------+-------++-------
Melee: Long sword        |    57 |    86 ||   143
       Bite              |     6 |    15 ||    21
  Use: Potion            |       |     4 ||     4
  Eat: Chunk             |       |     4 ||     4
Armor: Scale mail        |    16 |    37 ||    53
Dodge: Dodged            |    22 |    46 ||    68
Block: Shield            |    33 |    57 ||    90
       Rpst.: Long sword |     8 |    10 ||    18
